 Dungeon Crawl Stone Soup version 0.30-a0-743-gbfdf073431 (webtiles) character file.

Game seed: 15266209432258180280

38054 toympanos the Bludgeoner (level 13, 0/119 HPs)
             Began as a Minotaur Fighter on Feb 7, 2023.
             Was the Champion of Okawaru.
             Slain by a +2 glaive of venom (4 damage)
             ... on level 1 of the Elven Halls on Feb 8, 2023.
             The game lasted 00:35:12 (13970 turns).

toympanos the Bludgeoner (Minotaur Fighter)        Turns: 13970, Time: 00:35:12

Health: 0/119      AC: 29    Str: 26    XL:     13   Next: 61%
Magic:  13/13      EV: 12    Int:  5    God:    Okawaru [******]
Gold:   1428       SH:  0    Dex: 21    Spells: 12/12 levels left

rFire   + . .      SeeInvis .    T - +9 battleaxe of Cruel Justice {flame, *Noise rElec rF+ Will+}
rCold   . . .      Faith    .    (shield currently unavailable)
rNeg    . . .      Spirit   .    f - +6 chain mail of Experimentation {Will+ rCorr Dex+5}
rPois   +          Reflect  .    (helmet restricted)
rElec   +          Harm     .    D - +1 cloak {rPois}
rCorr   +          Rampage  .    P - +2 pair of gloves
Will    ++...                    K - +0 pair of boots Stlth
                                 (no amulet)
HPRegen 0.39/turn                v - +4 ring of protection
MPRegen 0.13/turn                w - +6 ring of dexterity

@: lethally poisoned (0 -> -11)
A: horns 2, retaliatory headbutt
a: Renounce Religion, Heroism, Finesse, Duel


You were on level 1 of the Elven Halls.
You worshipped Okawaru.
Okawaru was exalted by your worship.
You visited 3 branches of the dungeon, and saw 15 of its levels.
You also visited: Ossuary and Bailey.

You collected 1428 gold pieces.

Inventory:

Hand Weapons
 e - a +2 dire flail of freezing
 t - a +1 battleaxe
 J - a +2 flail of freezing
 R - a +2 dire flail of protection
 T - the +9 battleaxe of Cruel Justice (weapon) {flame, *Noise rElec rF+ Will+}
   (Okawaru gifted it to you on level 1 of the Elven Halls)

   rF:        It protects you from fire.
   rElec:     It insulates you from electricity.
   *Noise:    It may make noises in combat.
   Will:      It increases your willpower.
 U - a +5 flail of venom
Missiles
 u - 4 throwing nets
Armour
 a - the +4 chain mail of Apathy {rN++ MP-9 Int+5}
   (Okawaru gifted it to you on level 12 of the Dungeon)

   Int:       It affects your intelligence (+5).
   rN:        It greatly protects you from negative energy.
   MP:        It affects your magic capacity (-9).
 c - +0 ice dragon scales
 f - the +6 chain mail of Experimentation (worn) {Will+ rCorr Dex+5}
   (You acquired it in an ossuary)

   Dex:       It affects your dexterity (+5).
   rCorr:     It protects you from acid and corrosion.
   Will:      It increases your willpower.
 i - a scarf of resistance
 D - a +1 cloak of poison resistance (worn)
 F - a +2 pair of gloves
 K - a +0 pair of boots (worn)
 P - a +2 pair of gloves (worn)
Jewellery
 v - a +4 ring of protection (left hand)
 w - a +6 ring of dexterity (right hand)
Wands
 p - a wand of charming (16)
 x - a wand of digging (5)
 z - a wand of flame (12)
 B - a wand of roots (14)
 G - a wand of mindburst (30)
 L - a wand of polymorph (7)
Scrolls
 h - 5 scrolls of vulnerability
 j - 9 scrolls of teleportation
 l - 5 scrolls of fog
 m - 2 scrolls of blinking
 n - 2 scrolls of brand weapon
 q - a scroll of poison
 r - 3 scrolls of fear
 y - 3 scrolls of immolation
 A - 2 scrolls of amnesia
 E - 3 scrolls of magic mapping
 M - a scroll of torment {unknown}
 S - a scroll of silence {unknown}
Potions
 d - a potion of might
 g - 6 potions of curing
 k - a potion of mutation
 o - 3 potions of brilliance
 s - 2 potions of berserk rage {unknown}
 C - 2 potions of flight {unknown}
 H - a potion of lignification {unknown}
 I - a potion of cancellation {unknown}
 N - a potion of attraction {unknown}
 O - a potion of degeneration {unknown}
 Q - 2 potions of haste {unknown}
Miscellaneous
 b - a condenser vane (quivered)


   Skills:
 + Level 12.6 Fighting
 * Level 13.9(17.2) Axes
 - Level 16.7(18.6) Maces & Flails
 + Level 12.0 Armour
 + Level 5.0 Dodging
 - Level 0.6 Stealth
 + Level 6.0 Shields
 - Level 1.6 Invocations


You had 12 spell levels left.
You didn't know any spells.
Your spell library contained the following spells:

 Spells                   Type           Power      Damage    Failure   Level
 Apportation              Tloc           0%         N/A       93%         1
 Freeze                   Ice            0%         1d3       93%         1
 Necrotise                Necr           0%         1d4       93%         1
 Slow                     Hex            0%         N/A       93%         1
 Cigotuvi's Dreadful Rot  Necr/Pois/Air  0%         N/A       98%         2
 Confusing Touch          Hex            0%         N/A       100%        3
 Frozen Ramparts          Ice            0%         1d1       100%        3
 Hailstorm                Conj/Ice       0%         3d3       100%        3
 Vampiric Draining        Necr           0%         2d6       100%        3
 Dispel Undead            Necr           0%         3d6       100%        4
 Agony                    Necr           0%         N/A       100%        5
 Alistair's Intoxication  Tmut/Pois      0%         N/A       100%        5
 Borgnjor's Vile Clutch   Necr/Erth      0%         N/A       100%        5
 Orb of Destruction       Conj           0%         9d5       100%        7
 Death's Door             Necr           0%         N/A       100%        9
 Summon Guardian Golem    Hex/Summ       Unusable   N/A       N/A         3
 Summon Ice Beast         Ice/Summ       Unusable   N/A       N/A         4
 Death Channel            Necr           Unusable   N/A       N/A         6
 Spellforged Servitor     Conj/Summ      Unusable   N/A       N/A         7

Dungeon Overview and Level Annotations

Branches:
Dungeon (12/15)            Temple (0/1) D:7            Lair (0/5) D:11
    Orc (2/2) D:12            Elf (1/3) Orc:2       Ossuary (visited)
 Bailey (visited)

Altars:
Ashenzari
Cheibriados
Elyvilon
Fedhas
Kikubaaqudgha
Nemelex Xobeh
Okawaru
Qazlal
Ru
Sif Muna
Wu Jian
Xom
Yredelemnul
Zin
The Shining One

Shops:
D:4 (

Annotations:
D:5 1 runed translucent door
D:10 exclusion: oklob plant
D:11 1 transporter


Innate Abilities, Weirdness & Mutations

You have a pair of horns on your head.
You reflexively headbutt those who attack you in melee.


Message History

You slash the deep elf archer! You burn the deep elf archer.
You headbutt the deep elf archer, but do no damage.
The deep elf archer is moderately wounded.
The +2 glaive of venom hits you but does no damage.
The deep elf archer hits you but does no damage.
You slice the deep elf archer!! You burn the deep elf archer.
The deep elf archer is severely wounded.
The +2 glaive of venom hits you from afar!
The deep elf archer barely misses you.
The +2 glaive of venom hits you from afar!
You are poisoned.
You closely miss the deep elf archer.
Your headbutt misses the deep elf archer.
The deep elf archer is severely wounded.
You feel sick.
The +2 glaive of venom hits you from afar!!
The deep elf archer gestures wildly while chanting.
The deep elf archer blinks!
You feel sick.
The deep elf archer hits you with a +0 short sword!
* * * LOW HITPOINT WARNING * * *
You slice the deep elf archer!! You burn the deep elf archer.
You kill the deep elf archer!
Okawaru accepts your kill.
You feel sick.
The +2 glaive of venom hits you from afar!!
* * * LOW HITPOINT WARNING * * *
Your Armour skill increases to level 12!
You feel sick.
Things that are here:
a +0 short sword; a +0 shortbow; a +0 leather armour You feel sick.
The +2 glaive of venom hits you.
* * * LOW HITPOINT WARNING * * *
You are lethally poisoned!
You slice the +2 glaive of venom!!
Your headbutt misses the +2 glaive of venom.
The +2 glaive of venom is almost destroyed.
* * * LOW HITPOINT WARNING * * *
You feel sick. The +2 glaive of venom hits you.
You die...

#.⌠#.....#..#.##.#
##########''#....#
#.....# ###...###
#.....##
#####...#..#.##
...............
.###.....####.#
#..@(.# ##)...#
#....# .........
#.....#...
###...#.... #...#
... #...# #. ....


You could see a +2 glaive of venom.

Vanquished Creatures
  Jorgrun (D:12)
  An ettin (Orc:1)
  A deep elf death mage (Elf:1)
  4 boulder beetles
  3 two-headed ogres
  2 dancing weapons (Elf:1)
  A deep elf knight (Elf:1)
  Nergalle (D:10)
  4 skeletal warriors (D:12)
  2 orc knights
  4 deep elf archers (Elf:1)
  A deep elf pyromancer (Orc:2)
  5 deep elf zephyrmancers
  4 ugly things
  5 cyclopes
  A manticore (D:11)
  3 centaur zombies (D:10)
  An unseen horror (D:12)
  2 unseen horror zombies (D:10)
  4 gargoyles (D:12)
  A kobold demonologist (D:11)
  2 komodo dragons (D:12)
  A hornet (D:7)
  7 trolls
  Grinder (D:6)
  The ghost of Querens the Vexing, a novice SpEn (D:5)
  Prince Ribbit (D:5)
  An air elemental (Elf:1)
  6 slime creatures
  A water elemental (Elf:1)
  14 yaks
  3 wraiths
  2 steam dragons
  Grum (D:10)
  2 vampire mosquitoes (D:10)
  3 wargs (D:11)
  3 acid dragons
  A water moccasin (D:5)
  Duvessa (D:6)
  An ice beast (D:6)
  12 orc warriors
  3 black bears
  3 sky beasts
  6 ogres
  4 wolves (D:10)
  A phantom (D:6)
  3 centaurs
  2 kobold brigands
  2 bullfrogs
  2 necrophages (D:10)
  6 scorpions
  2 gnoll sergeants
  2 earth elementals (Elf:1)
  15 wights
  Dowan (D:6)
  6 killer bees (D:8)
  An electric eel (D:11)
  2 howler monkeys
  5 orc priests
  5 hounds
  2 jellies
  Crazy Yiuf (D:6)
  2 gnoll boudas (D:6)
  A human zombie (D:10)
  4 iguanas
  7 orc wizards
  Ijyb (D:2)
  10 mummies
  A howler monkey zombie (D:10)
  13 gnolls
  11 adders
  A river rat (D:5)
  A shadow imp (D:7)
  A white imp (D:6)
  4 ufetubi (D:5)
  2 worms
  4 dart slugs
  35 orcs
  4 bats
  4 endoplasms
  A giant cockroach (D:2)
  2 gnoll zombies (Ossuary)
  14 goblins
  9 hobgoblins
  8 jackals
  14 kobolds
  3 quokkas
  7 ball pythons
  A frilled lizard (D:2)
  3 hobgoblin zombies (Ossuary)
  A kobold zombie (Ossuary)
  2 orc zombies (Ossuary)
  5 rats
  4 toadstools (D:10)
369 creatures vanquished.

Vanquished Creatures (others)
  8 fungi (D:10)
  3 plants (D:11)
  16 toadstools (D:10)
27 creatures vanquished.

Grand Total: 396 creatures vanquished

Notes
Turn   | Place    | Note
-------+----------+-------------------------------------------
     0 | D:1      | toympanos the Minotaur Fighter began the quest for the Orb.
     0 | D:1      | Reached XP level 1. HP: 19/19 MP: 0/0
    95 | D:1      | Reached XP level 2. HP: 25/27 MP: 1/1
   806 | D:2      | Reached XP level 3. HP: 33/33 MP: 2/2
   826 | D:2      | Noticed Ijyb
   844 | D:2      | Killed Ijyb
   997 | D:2      | Reached XP level 4. HP: 39/40 MP: 3/3
  1274 | D:3      | Found a faded altar of an unknown god.
  1357 | D:3      | Identified the +6 mace of Quick Death {pain, MP+9}
  1367 | D:3      | Identified the +8 short sword of the Telling Rat {protect,
                  | Str+2}
  1385 | D:3      | Reached skill level 1 in Dodging
  2067 | D:4      | Found a snail-covered altar of Cheibriados.
  2243 | D:4      | Reached XP level 5. HP: 47/47 MP: 4/4
  2285 | D:4      | Reached skill level 5 in Armour
  2417 | D:4      | Noticed an ogre
  2421 | D:4      | Killed an ogre
  2422 | D:4      | Reached skill level 5 in Axes
  2422 | D:4      | Reached XP level 6. HP: 42/55 MP: 5/5
  2524 | D:4      | Found Zehits's Weapon Emporium.
  2849 | D:5      | Entered Level 5 of the Dungeon
  2849 | D:5      | Noticed a water moccasin
  2854 | D:5      | Killed a water moccasin
  2855 | D:5      | Reached skill level 5 in Fighting
  2980 | D:5      | Reached XP level 7. HP: 58/61 MP: 6/6
  3063 | D:5      | HP: 3/61 [sky beast (5)]
  3574 | D:5      | Noticed Prince Ribbit
  3597 | D:5      | Killed Prince Ribbit
  3807 | D:5      | Found a runed translucent door.
  3812 | D:5      | Noticed Querens's ghost (novice SpEn)
  3834 | D:5      | Killed Querens's ghost
  3835 | D:5      | Reached XP level 8. HP: 69/70 MP: 7/7
  3839 | D:5      | Found a runed translucent door.
  3864 | D:5      | Found an ornate altar of the Wu Jian Council.
  4037 | D:5      | Reached skill level 5 in Shields
  4881 | D:6      | Found a sparkling altar of Nemelex Xobeh.
  4884 | D:6      | Found a shimmering altar of Xom.
  4887 | D:6      | Found an iron altar of Okawaru.
  4891 | D:6      | Became a worshipper of Warmaster Okawaru
  4897 | D:6      | Found a glowing silver altar of Zin.
  4901 | D:6      | Reached skill level 10 in Axes
  5017 | D:6      | Noticed Grinder
  5019 | D:6      | Noticed Duvessa
  5019 | D:6      | Noticed Dowan
  5024 | D:6      | Paralysed by Grinder for 4 turns
  5028 | D:6      | Killed Grinder
  5029 | D:6      | Reached XP level 9. HP: 55/78 MP: 8/8
  5032 | D:6      | Killed Duvessa
  5032 | D:6      | Reached * piety under Okawaru
  5037 | D:6      | Killed Dowan
  5332 | D:6      | Reached ** piety under Okawaru
  5581 | D:6      | Found a runed translucent door.
  5582 | D:6      | Noticed Crazy Yiuf
  5664 | D:6      | Paralysed by Crazy Yiuf for 3 turns
  5672 | D:6      | Killed Crazy Yiuf
  5960 | D:7      | Identified a scroll of acquirement
  6269 | D:7      | Found a staircase to the Ecumenical Temple.
  6286 | D:7      | Found a sacrificial altar of Ru.
  6713 | D:8      | Noticed a two-headed ogre
  6725 | D:8      | Reached XP level 10. HP: 80/86 MP: 6/9
  6730 | D:8      | Killed a two-headed ogre
  6847 | D:8      | Found a broken altar of Ashenzari.
  6968 | D:8      | Found a stormy altar of Qazlal.
  7099 | D:8      | Found a sand-covered staircase.
  7106 | D:8      | Found an ancient bone altar of Kikubaaqudgha.
  7109 | Ossuary  | Entered an ossuary
  7133 | Ossuary  | Reached skill level 1 in Maces & Flails
  7269 | Ossuary  | Acquired the +6 chain mail of Experimentation {Will+ rCorr
                  | Dex+5}
  7708 | D:9      | Reached skill level 2 in Maces & Flails
  7717 | D:9      | Reached skill level 3 in Maces & Flails
  7722 | D:9      | Reached *** piety under Okawaru
  7723 | D:9      | Reached skill level 4 in Maces & Flails
  7836 | D:9      | Found a flagged portal.
  7866 | Bailey   | Entered a bailey
  7924 | Bailey   | Found a large runed translucent door.
  7924 | Bailey   | Found a large runed translucent door.
  7924 | Bailey   | Noticed an orc knight
  7926 | Bailey   | Noticed a deep elf zephyrmancer
  7936 | Bailey   | Reached skill level 5 in Maces & Flails
  7948 | Bailey   | Killed an orc knight
  7949 | Bailey   | Reached skill level 6 in Maces & Flails
  8207 | Bailey   | Killed a deep elf zephyrmancer
  8208 | Bailey   | Reached skill level 7 in Maces & Flails
  8418 | D:9      | Noticed a two-headed ogre
  8429 | D:9      | Killed a two-headed ogre
  8429 | D:9      | Reached **** piety under Okawaru
  8430 | D:9      | Reached XP level 11. HP: 95/95 MP: 7/10
  8537 | D:9      | Reached skill level 8 in Maces & Flails
  8658 | D:9      | Found a shimmering blue altar of Sif Muna.
  8941 | D:10     | Entered Level 10 of the Dungeon
  8941 | D:10     | Found a blossoming altar of Fedhas.
  9025 | D:10     | Found a glowing golden altar of the Shining One.
  9042 | D:10     | Got Sif Muna's Parchment of Allies and Profane Arts
  9094 | D:10     | Noticed Grum
  9107 | D:10     | Killed Grum
  9110 | D:10     | Reached skill level 9 in Maces & Flails
  9396 | D:10     | Noticed Nergalle
  9415 | D:10     | Killed Nergalle
  9469 | D:10     | Reached skill level 10 in Maces & Flails
  9692 | D:10     | Reached ***** piety under Okawaru
  9717 | D:10     | Found a basalt altar of Yredelemnul.
  9751 | D:10     | Reached skill level 11 in Maces & Flails
  9956 | D:10     | Noticed an oklob plant
 10156 | D:11     | Found a white marble altar of Elyvilon.
 10161 | D:11     | Noticed a boulder beetle
 10179 | D:11     | Killed a boulder beetle
 10180 | D:11     | Reached skill level 12 in Maces & Flails
 10929 | D:11     | Reached XP level 12. HP: 69/106 MP: 8/11
 10938 | D:11     | Found a staircase to the Lair.
 10949 | D:11     | Reached skill level 13 in Maces & Flails
 10949 | D:11     | Reached skill level 10 in Armour
 11139 | D:11     | Identified the +0 robe of Icziffof {rF- rN+ Stlth+}
 11147 | D:11     | Found a transporter.
 11163 | D:11     | Found a transporter.
 11167 | D:11     | Found a transporter.
 11171 | D:11     | Found a transporter.
 11195 | D:11     | Identified the +10 plate armour of Impish Beauty {rElec
                  | rPois rCorr Dex-5}
 11589 | D:12     | Reached skill level 10 in Fighting
 11592 | D:12     | Reached ****** piety under Okawaru
 11793 | D:12     | Noticed a boulder beetle
 11800 | D:12     | Noticed Jorgrun
 11807 | D:12     | Reached skill level 14 in Maces & Flails
 11819 | D:12     | Killed Jorgrun
 11819 | D:12     | Identified the +4 chain mail of Apathy {rN++ MP-9 Int+5}
                  | (Okawaru gifted it to you on level 12 of the Dungeon)
 11819 | D:12     | Received a gift from Okawaru
 11820 | D:12     | Reached skill level 1 in Invocations
 11824 | D:12     | Killed a boulder beetle
 12029 | D:12     | Noticed a two-headed ogre
 12029 | D:12     | Noticed a boulder beetle
 12029 | D:12     | Noticed a boulder beetle
 12044 | D:12     | Killed a boulder beetle
 12053 | D:12     | Reached skill level 15 in Maces & Flails
 12055 | D:12     | Killed a two-headed ogre
 12062 | D:12     | Killed a boulder beetle
 12270 | D:12     | Reached XP level 13. HP: 107/116 MP: 12/12
 12460 | D:12     | Reached skill level 16 in Maces & Flails
 12815 | D:12     | Found a staircase to the Orcish Mines.
 12872 | Orc:1    | Entered Level 1 of the Orcish Mines
 13099 | Orc:1    | Noticed an ettin
 13110 | Orc:1    | Killed an ettin
 13365 | Orc:2    | Entered Level 2 of the Orcish Mines
 13397 | Orc:2    | Found a staircase to the Elven Halls.
 13436 | Elf:1    | Entered Level 1 of the Elven Halls
 13459 | Elf:1    | Identified the +9 battleaxe of Cruel Justice {flame, *Noise
                  | rElec rF+ Will+} (Okawaru gifted it to you on level 1 of
                  | the Elven Halls)
 13459 | Elf:1    | Received a gift from Okawaru
 13520 | Elf:1    | Noticed a deep elf death mage
 13530 | Elf:1    | Killed a deep elf death mage
 13536 | Elf:1    | Killed a ghostly deep elf death mage
 13591 | Elf:1    | Reached skill level 5 in Dodging
 13969 | Elf:1    | HP: 5/119 [+2 glaive of venom (4)]
 13970 | Elf:1    | Slain by a +2 glaive of venom

Illustrated notes

Levels and vault maps discovered:
D:1:      lightli_molten_gateway, layout_rooms
D:2:      kennysheep_the_goblin_king, layout_basic
D:3:      layout_loops_corners, nicolae_ecumenical_pavilion
D:4:      layout_basic, slow_altar_2, serial_shops, kennysheep_little_box
D:5:      layout_loops_ring, nzn_wu_jian_council_hall, ebering_ghost_sewer_f,
          kennysheep_opposing_triangles, uniq_prince_ribbit1
D:6:      layout_loops_ring, grunt_temple_overflow_cloverleaf, nzn_random_ring,
          uniq_crazy_yiuf_cottage, uniq_duvessa, uniq_grinder
D:7:      layout_cave_pools, mainiacjoe_overflow_concentric_impassable,
          minmay_temple_entry_hall, minmay_strange_pillars
D:8:      layout_loops_cross, lemuel_crystal_altar, evilmike_ruin_ashenzari,
          grunt_qazlal_clouds, nicolae_ossuary_entry_monument
D:9:      layout_stronghold, mainiacjoe_overflow_six_doors_small, enter_bailey_3
D:10:     layout_rooms, nicolae_tso_carved_into_rock, tgw_fedhas,
          lemuel_mausoleum_altar_yredelemnul, uniq_grum, uniq_nergalle
D:11:     layout_loops_ring, erik_lair_orcish_takeover, kennysheep_diamond,
          nicolae_transporter_circle
D:12:     minmay_bubble_buster, layout_basic, orc_0_dummy, moated_statue,
          uniq_jorgrun
Orc:1:    layout_caves, uniq_fannar
Orc:2:    st_orc_elflike, layout_caves, basic_altar,
          gammafunk_ghost_fury_of_okawaru, uniq_maurice
Elf:1:    nicolae_elf_arrival_aired_out, layout_loops_cross, serial_shops,
          nicolae_shop_hallway_stairs, minivault_28, lemuel_upstairs_altar

Skill      XL: |  1  2  3  4  5  6  7  8  9 10 11 12 13 |
---------------+----------------------------------------+-----
Armour         | 4 5 6 7 8 9 10 12 | 12.0
Axes           | 3 5 6 8 10 12 13 | 13.9
Fighting       | 4 5 6 7 8 9 11 12 | 12.6
Shields        | 4 5 6 |  6.0
Dodging        | 1 2 3 4 5 |  5.0
Maces & Flails | 7 12 15 16 | 16.7
Invocations    | 1 |  1.6
Stealth        | |  0.6

Action                     |  1- 3 |  4- 6 |  7- 9 | 10-12 | 13-15 || total
---------------------------+-------+-------+-------+-------+-------++-------
  Melee: War axe           |    75 |    91 |   295 |    26 |       ||   487
         Headbutt          |     7 |    14 |    51 |   154 |    38 ||   264
         Dire flail        |       |       |       |   511 |   123 ||   634
         Battleaxe         |       |       |       |       |    42 ||    42
 Invoke: Heroism           |       |       |     2 |     8 |     5 ||    15
         Finesse           |       |       |       |     1 |       ||     1
  Evoke: Condenser vane    |       |       |       |     1 |       ||     1
    Use: Potion            |       |       |     1 |     5 |     2 ||     8
         Scroll            |       |       |     7 |    12 |     4 ||    23
 Armour: Scale mail        |    50 |    63 |   136 |    26 |       ||   275
         Chain mail        |       |       |       |   258 |    58 ||   316
  Dodge: Dodged            |    29 |    48 |   137 |   277 |    72 ||   563
  Block: Buckler           |    18 |    32 |    68 |     6 |       ||   124

Table legend: (Time is in decaauts)
 A = Elapsed time spent in this place.
 B = Non-inter-level travel time spent in this place.
 C = Inter-level travel time spent in this place.
 D = Time resting spent in this place.
 E = Time spent auto-exploring this place.
 F = Levels seen in this place.
 G = Mean time per level.
                   A        B        C        D        E       F      G
               +--------+--------+--------+--------+--------+-----+--------+
         Total |  13832 |  13264 |    568 |   2409 |   8108 |  17 |  813.6 |
       Dungeon |  12103 |  11546 |    557 |   1689 |   7599 |  12 | 1008.6 |
  Orcish Mines |    787 |    776 |     11 |    423 |    230 |   2 |  393.5 |
   Elven Halls |    272 |    272 |      0 |     75 |     51 |   1 |  272.0 |
       Ossuary |    185 |    185 |      0 |      0 |    103 |   1 |  185.0 |
        Bailey |    482 |    482 |      0 |    222 |    125 |   1 |  482.0 |
               +--------+--------+--------+--------+--------+-----+--------+

Top non-repeatable levels by time:
     D:5: 1574 daAuts
     D:6: 1573 daAuts
    D:11: 1434 daAuts
    D:12: 1248 daAuts
    D:10: 1091 daAuts
     D:8: 993 daAuts
     D:4: 860 daAuts
     D:3: 813 daAuts
     D:9: 764 daAuts
     D:2: 748 daAuts
     D:7: 519 daAuts
     D:1: 482 daAuts
  Bailey: 482 daAuts
   Orc:1: 477 daAuts
   Orc:2: 310 daAuts
